Map: Lerilak Crest

Players

SticklerMac - Winner!

  • Race: Zerg Zerg
  • League: Silver

TragicRush

  • Race: Zerg Zerg
  • League: Silver

VOD

Have the link to the VOD?

Description

Time

  • Played on: Sept. 13, 2015, 7:23 p.m.
  • Length: 12:57
Show
View Real Time Build Order
Export as new Build Order

SticklerMac Zerg - Winner!

Build Orders: Hatch First 

Get SALT Encoding   

  12  0:01  Drone  
  13  0:08  Drone  
  14  0:18  Overlord  
  14  0:37  Drone  
  14  0:38  Drone x2  
  17  0:56  Hatchery  
  16  0:58  Drone  
  16  1:01  Drone  
  18  1:05  Extractor  
  18  1:11  Drone  
  18  1:22  Spawning Pool  
  18  1:24  Drone  
  18  1:32  Drone  
  19  1:44  Drone  
  20  1:53  Drone  
  21  2:10  Drone x2  
  21  2:15  Drone  
  24  2:17  Metabolic Boost  
  24  2:20  Drone, Queen  
  27  2:28  Queen  
  27  2:29  Spine Crawler  
  28  2:32  Overlord  
  28  2:34  Overlord  
  28  2:51  Baneling Nest  
  28  3:04  Zergling x4  
  28  3:05  Zergling x8  
  33  3:20  Lair  
  33  3:26  Extractor  
  32  3:27  Drone x2  
  32  3:28  Drone x3  
  32  3:32  Zergling x2  
  38  3:44  Zergling x8  
  42  3:53  Zergling x2  
  42  3:54  Zergling x2  
  44  4:00  Overlord x3  
  44  4:01  Overlord  
  44  4:07  Baneling x2  
  44  4:08  Baneling  
  43  4:25  Zergling x4  
  43  4:26  Zergling x8  
  48  4:36  Zergling x8  
  49  4:40  Zergling x6  
  49  4:43  Zergling x2  
  48  4:52  Zergling x2  
  48  4:59  Spire  
  47  5:01  Zergling x4  
  47  5:04  Zergling x8  
  53  5:10  Zergling x2  
  53  5:15  Zergling x6  
  53  5:19  Zergling x2  
  53  5:20  Zergling x2  
  46  5:31  Zergling x4  
  46  5:37  Zergling x6  
  43  5:44  Zergling x8  
  43  5:46  Baneling x3  
  43  5:47  Baneling  
  47  5:52  Zergling x2  
  45  5:58  Zergling x4  
  45  6:06  Zergling x8  
  48  6:12  Zergling x2  
  48  6:14  Mutalisk  
  50  6:27  Zergling x8  
  50  6:32  Zergling x2  
  54  6:38  Mutalisk  
  56  6:56  Mutalisk  
  58  7:05  Spore Crawler  
  58  7:07  Spore Crawler  
  56  7:08  Spore Crawler  
  56  7:09  Drone x4  
  56  7:10  Drone x3  
  56  7:14  Spore Crawler, Overseer  
  61  7:18  Extractor  
  61  7:20  Extractor  
  54  7:57  Spore Crawler  
  53  8:04  Spore Crawler  
  52  8:07  Spore Crawler  
  52  8:08  Drone x6, Spore Crawler  
  52  8:09  Drone x4  
  60  8:22  Overlord x5  
  59  8:38  Mutalisk x2  
  59  8:39  Mutalisk  
  50  8:50  Zergling x6  
  50  8:51  Zergling x4  
  47  8:55  Zergling x2  
  47  8:56  Zergling x4  
  47  9:02  Mutalisk  
  49  9:26  Drone x3  
  49  9:27  Drone x4, Spore Crawler  
  55  9:40  Mutalisk x2  
  59  9:52  Mutalisk x2  
  59  9:59  Mutalisk  
  65  10:06  Queen  
  67  10:11  Mutalisk  
  69  10:15  Drone  
  69  10:16  Drone  
  71  10:26  Mutalisk x2  
  75  10:32  Drone x2  
  75  10:34  Drone  
  78  10:40  Mutalisk  
  80  10:47  Mutalisk  
  80  10:48  Mutalisk  
  84  10:57  Mutalisk x2  
  88  11:05  Mutalisk  
  84  11:11  Mutalisk  
  84  11:18  Mutalisk  
  82  11:40  Mutalisk x2  
  86  11:47  Mutalisk  
  88  12:00  Mutalisk  
  90  12:15  Overlord  
  90  12:16  Overlord  
  90  12:17  Overlord x2, Mutalisk  
  90  12:27  Zergling x6  
Show
View Real Time Build Order
Export as new Build Order

TragicRush Zerg 

Build Orders: Hatch First 

Get SALT Encoding   

  12  0:00  Drone  
  13  0:08  Drone  
  14  0:16  Overlord  
  14  0:24  Drone, Extractor  
  15  0:40  Drone x2  
  17  0:54  Hatchery  
  16  1:00  Drone x2  
  16  1:03  Extractor  
  17  1:16  Spawning Pool  
  16  1:20  Drone  
  16  1:24  Drone  
  18  1:28  Drone  
  19  1:37  Extractor  
  19  1:39  Drone  
  19  1:48  Drone  
  20  2:05  Lair  
  20  2:06  Drone  
  20  2:07  Drone  
  22  2:14  Spine Crawler  
  21  2:16  Drone  
  23  2:23  Metabolic Boost  
  23  2:24  Zergling x4  
  23  2:27  Drone  
  26  2:30  Queen  
  28  2:38  Extractor  
  28  2:39  Drone  
  28  2:41  Overlord  
  28  2:58  Overlord  
  28  3:01  Drone x3  
  31  3:12  Spire  
  30  3:15  Drone x2  
  32  3:22  Drone x2  
  32  3:26  Extractor  
  32  3:27  Drone  
  34  3:32  Drone  
  34  3:44  Spine Crawler, Zergling x2  
  34  3:45  Zergling x2  
  34  3:50  Spine Crawler  
  31  4:04  Zergling x2  
  31  4:05  Zergling x6  
  35  4:12  Queen  
  31  4:39  Mutalisk x3  
  28  5:00  Evolution Chamber  
  27  5:11  Zergling x10  
  30  5:22  Queen  
  30  5:24  Drone  
  29  5:47  Hatchery  
  28  6:01  Mutalisk x2  
  32  6:14  Mutalisk  
  32  6:15  Mutalisk  
  36  6:19  Drone  
  34  6:33  Mutalisk  
  36  6:57  Drone  
  36  6:59  Overlord x2  
  37  7:12  Spine Crawler  
  37  7:13  Mutalisk  
  38  7:43  Mutalisk  
  36  7:56  Drone x3  
  36  7:57  Drone  
  41  8:05  Drone x2  
  41  8:06  Drone  
  41  8:10  Extractor  
  42  8:13  Drone x2  
  44  8:27  Drone  
  45  8:36  Drone  
  45  8:37  Drone  
  45  8:41  Queen  
  48  8:50  Drone x3  
  51  9:04  Drone  
  51  9:08  Drone x3  
  55  9:17  Zerg Flyer Weapons Level 1  
  55  9:33  Drone  
  55  9:34  Drone x4  
  58  9:51  Drone x4  
  60  9:54  Overlord x2  
  60  9:57  Extractor  
  60  9:58  Extractor  
  60  9:59  Spine Crawler  
  57  10:07  Mutalisk  
  59  10:15  Pneumatized Carapace  
  60  10:21  Drone  
  60  10:25  Spore Crawler  
  60  10:28  Spore Crawler  
  58  10:32  Spore Crawler  
  58  10:34  Spore Crawler  
  56  10:37  Spore Crawler  
  56  10:38  Drone x4  
  56  10:39  Spore Crawler  
  56  10:41  Mutalisk  
  60  10:50  Mutalisk  
  62  11:02  Drone  
  62  11:03  Drone x3  
  66  11:20  Mutalisk  
  66  11:21  Mutalisk x3  
  68  11:31  Mutalisk  
  64  11:42  Overlord x3  
  62  11:51  Mutalisk  
  62  11:53  Corruptor  
  62  12:15  Spore Crawler  
  57  12:28  Hatchery, Drone x3  
  59  12:33  Spore Crawler  
Tags
 
Add a new tag
Caveats
  • Supply blocks, unpowered buildings, or Contaminate may cause inaccurate times.
  • Supply counts are checked every 10 seconds.